 Dungeon Sprint DCSS version 0.29-a0-459-g97dee8cd24 (webtiles) character file.

Game seed: 3139478877471304876

3388 mhtbhm the Unseen (level 9, 0/67 HPs)
             Began as a Felid Berserker on May 20, 2022.
             Was the Champion of Trog.
             Shot with an arrow by a spriggan rider (21 damage)
             ... in the Dungeon (Sprint IV: "Fedhas' Mad Dash").
             The game lasted 00:03:58 (2188 turns).

mhtbhm the Unseen (Felid Berserker)                 Turns: 2188, Time: 00:03:59

Health: 0/67       AC:  2    Str: 17    XL:     9   Next: 74%
Magic:  10/10      EV: 26    Int:  9    God:    Trog [******]
Gold:   180        SH:  0    Dex: 16    Spells: 8/8 levels left
                                        Lives:  0   Deaths: 2

rFire   + . .      SeeInvis +     - Unarmed
rCold   x . .      Faith    .   (shield unavailable)
rNeg    . . .      Spirit   .   (body armour unavailable)
rPois   .          Reflect  .   (helmet unavailable)
rElec   .          Harm     .   (cloak unavailable)
rCorr   .          Rampage  .   (gloves unavailable)
Will    +....      NoTele   +   (boots unavailable)
Stlth   ..........              h - amulet of invisibility {+Inv}
HPRegen 0.21/turn               k - ring of fire
MPRegen 0.12/turn               (no ring)

@: berserking (expiring), very quick
A: very small, claws 1, fangs 3, see invisible, speed 1, shaggy fur 2, stealthy
paws, no weapons or thrown items, no armour, multi-lived
a: Renounce Religion, Evoke Invisibility, Berserk, Trog's Hand, Brothers in Arms


You were in the Dungeon.
You worshipped Trog.
Trog was exalted by your worship.
You visited 1 branch You collected 180 gold pieces.

Inventory:

Jewellery
 h - the amulet of invisibility (around neck) {+Inv}
   (You found it in the Dungeon)

   [amulet of nothing]

   +Inv:      It lets you turn invisible.
 k - a ring of fire (left paw)
Scrolls
 f - a scroll of blinking
 g - a scroll of amnesia {unknown}
 i - a scroll of silence {unknown}
 j - a scroll of identify {unknown}
 l - a scroll of poison {unknown}
 n - a scroll of enchant armour {unknown}
Potions
 a - a potion of curing
 b - a potion of heal wounds
 c - 2 potions of haste
 d - 2 potions of magic
 e - a potion of berserk rage
 m - a potion of mutation {unknown}
Miscellaneous
 o - a condenser vane


   Skills:
 + Level 9.3 Fighting
 + Level 13.4 Dodging
 + Level 19.9 Stealth
 + Level 17.2 Unarmed Combat
 + Level 11.8 Evocations


You had 8 spell levels left.
You didn't know any spells.
Your spell library was empty.

Dungeon Overview and Level Annotations

Branches:
Dungeon (1/1)

Altars:
Cheibriados
Dithmenos
Elyvilon
Gozag
Hepliaklqana
Kikubaaqudgha
Makhleb
Nemelex Xobeh
Okawaru
Qazlal
Ru
Sif Muna
Trog
Uskayaw
Vehumet
Wu Jian
Xom
Yredelemnul
Zin
The Shining One
Beogh
Jiyva
Lugonu

Shops:
D *?[(!**=:[


Innate Abilities, Weirdness & Mutations

You have sharp claws.
You have razor-sharp teeth.
You have supernaturally acute eyesight. (SInv)
You cover ground quickly. (Speed+)
You are covered in thick fur. (AC +2)
Your paws help you pounce on unaware monsters.
You are incapable of wielding weapons or throwing items.
You cannot wear armour.
You gain extra lives every three experience levels.


Message History

You mangle the spriggan berserker!!
The spriggan berserker is heavily wounded.
The spriggan berserker hits you with a +0 rapier!
You barely miss the spriggan berserker.
The spriggan berserker is heavily wounded.
You miss the spriggan berserker.
The spriggan berserker is heavily wounded.
The spriggan berserker utters an invocation to Trog.
The spriggan berserker goes berserk!
You completely miss the spriggan berserker.
The spriggan berserker is heavily wounded.
You claw the spriggan berserker!
Your bite misses the spriggan berserker.
The spriggan berserker is severely wounded.
The spriggan berserker hits you with a +0 rapier!!
You are too injured to fight recklessly!
You are too injured to fight recklessly!
You are too injured to fight recklessly!
You are too injured to fight recklessly!
You are too injured to fight recklessly!
You are too injured to fight recklessly!
You are too injured to fight recklessly!
You are too injured to fight recklessly!
You are too injured to fight recklessly!
You are too injured to fight recklessly!
You are too injured to fight recklessly!
You are too injured to fight recklessly!
You mangle the spriggan berserker!!
You kill the spriggan berserker!
Trog accepts your kill.
Your condenser vane has recharged.
Things that are here:
a +0 rapier; a +0 animal skin A spriggan rider comes into view.
You feel a strong urge to attack something.
The spriggan rider shouts!
The spriggan rider wields the +8 storm bow {elec, penet}.
You hear the crackle of electricity.
The spriggan rider shoots an arrow.
The arrow pierces through you!!
You die...

##########'##.._._._._._..#.|##∩∩
........'...#._._._._._.⌠.#######
..♣.....#...###################..
.♣..♣..######♣♣♣♣♣..♣.###.'..')..
##'######.)'......♣..♣##:.#..#.P.
...'.......#♣..♣♣♣.♣).###.##'##..
.###.......#.♣♣..♣...♣'...#♣.♣###
## ########################.)...#
.......@.# ###..♣..♣..
.......P)#####...♣......
i......P..........♣.....
...........#############
############ ####### ###
###..#####..P∩∩###..
#....'ii†.....:##...
#...†#####P....'.... #.$
###########


You could see a spriggan rider.

Vanquished Creatures
  A spriggan berserker (D)
  A spriggan druid (D)
  9 oklob plants (D)
  A demonic crawler (D)
  A queen bee (D)
  3 burning bushes (D)
  3 wandering mushrooms (D)
  2 hornets (D)
  3 scorpions (D)
  4 killer bees (D)
  5 oklob saplings (D)
  4 spriggans (D)
  A river rat (D)
  A rat (D)
  2 ballistomycete spores (D)
41 creatures vanquished.

Vanquished Creatures (collateral kills)
  Agnes (D)
  A spriggan (D)
  A demonic crawler (D)
  A hornet (D)
4 creatures vanquished.

Vanquished Creatures (others)
  A spriggan berserker (D)
  A bush (D)
  3 fungi (D)
5 creatures vanquished.

Grand Total: 50 creatures vanquished

Notes
Turn   | Place    | Note
-------+----------+-------------------------------------------
     0 | D        | mhtbhm the Felid Berserker began the quest for the Orb.
     0 | D        | Reached XP level 1. HP: 10/10 MP: 2/2
    12 | D        | Reached skill level 5 in Dodging
    12 | D        | Reached XP level 2. HP: 15/15 MP: 3/3
   161 | D        | Noticed an oklob sapling
   163 | D        | Killed an oklob sapling
   163 | D        | Reached ** piety under Trog
   164 | D        | Reached XP level 3. HP: 18/18 MP: 4/4
   201 | D        | Noticed a scorpion
   201 | D        | Found the amulet of invisibility {+Inv}
   208 | D        | Killed a scorpion
   209 | D        | Reached skill level 5 in Fighting
   209 | D        | Reached skill level 1 in Stealth
   209 | D        | Reached skill level 5 in Unarmed Combat
   209 | D        | Reached XP level 4. HP: 23/23 MP: 5/5
   234 | D        | Found an opulent altar of Gozag.
   234 | D        | Found a hazy altar of Hepliaklqana.
   234 | D        | Found a burning altar of Makhleb.
   234 | D        | Found a sparkling altar of Nemelex Xobeh.
   234 | D        | Found a snail-covered altar of Cheibriados.
   234 | D        | Found a sacrificial altar of Ru.
   234 | D        | Found a shimmering blue altar of Sif Muna.
   234 | D        | Found a shimmering altar of Xom.
   234 | D        | Found a basalt altar of Yredelemnul.
   235 | D        | Found a viscous altar of Jiyva.
   235 | D        | Found a bloodstained altar of Trog.
   235 | D        | Found an ornate altar of the Wu Jian Council.
   236 | D        | Found an iron altar of Okawaru.
   236 | D        | Found a shadowy altar of Dithmenos.
   236 | D        | Found a glowing silver altar of Zin.
   237 | D        | Found an ancient bone altar of Kikubaaqudgha.
   237 | D        | Found a hide-covered altar of Uskayaw.
   238 | D        | Found a stormy altar of Qazlal.
   238 | D        | Found a white marble altar of Elyvilon.
   238 | D        | Found a glowing golden altar of the Shining One.
   239 | D        | Found a corrupted altar of Lugonu.
   239 | D        | Found a radiant altar of Vehumet.
   245 | D        | Reached skill level 3 in Stealth
   245 | D        | Reached XP level 5. HP: 27/27 MP: 3/6
   275 | D        | Reached skill level 1 in Evocations
   281 | D        | Reached *** piety under Trog
   282 | D        | Reached skill level 4 in Stealth
   284 | D        | Reached skill level 5 in Stealth
   290 | D        | Gained mutation: You are covered in thick fur. (AC +2)
                  | [Felid growth]
   290 | D        | Reached XP level 6. HP: 33/33 MP: 5/7
   308 | D        | Found Giarem's Antique Weapon Shop.
   308 | D        | Found Uduibrum's Antique Armour Emporium.
   379 | D        | Noticed a queen bee
   390 | D        | Killed a queen bee
   390 | D        | Reached **** piety under Trog
   391 | D        | Reached skill level 10 in Dodging
   391 | D        | Reached skill level 8 in Stealth
   391 | D        | Reached XP level 7. HP: 36/36 MP: 6/8
   397 | D        | Reached skill level 10 in Unarmed Combat
   398 | D        | Reached ***** piety under Trog
   399 | D        | Reached skill level 9 in Stealth
   751 | D        | Noticed an oklob plant
   753 | D        | Killed an oklob plant
   754 | D        | Reached skill level 10 in Stealth
   754 | D        | Reached skill level 5 in Evocations
   754 | D        | Reached XP level 8. HP: 41/41 MP: 6/9
   761 | D        | Noticed a burning bush
   772 | D        | Killed a burning bush
   773 | D        | Reached skill level 11 in Stealth
   902 | D        | Noticed a burning bush
   902 | D        | Noticed a wandering mushroom
   903 | D        | Noticed a wandering mushroom
   905 | D        | Killed a wandering mushroom
   908 | D        | Reached skill level 12 in Stealth
   909 | D        | Killed a wandering mushroom
   915 | D        | Killed a burning bush
   916 | D        | Reached skill level 13 in Stealth
   916 | D        | Reached XP level 9. HP: 37/45 MP: 8/10
   918 | D        | Found Qoig's Jewellery Emporium.
   918 | D        | Found Xirif's General Store.
   921 | D        | Identified the +6 rapier "Ring" {flame, Stlth+}
  1001 | D        | Noticed a burning bush
  1001 | D        | Noticed an oklob plant
  1002 | D        | Noticed a wandering mushroom
  1003 | D        | Killed a burning bush
  1011 | D        | Killed a wandering mushroom
  1012 | D        | Reached skill level 14 in Stealth
  1015 | D        | Killed an oklob plant
  1019 | D        | Reached ****** piety under Trog
  1152 | D        | Noticed a spriggan druid
  1153 | D        | Killed a spriggan druid
  1154 | D        | Reached skill level 15 in Stealth
  1171 | D        | Noticed an oklob plant conjurer
  1172 | D        | Killed an oklob plant conjurer
  1264 | D        | Noticed an oklob plant
  1264 | D        | Noticed an oklob plant summoner
  1265 | D        | Noticed an oklob plant shifter
  1269 | D        | Killed an oklob plant
  1270 | D        | Reached skill level 16 in Stealth
  1270 | D        | Reached XP level 10. HP: 49/49 MP: 8/11
  1272 | D        | Killed an oklob plant summoner
  1274 | D        | Killed an oklob plant shifter
  1275 | D        | Reached skill level 10 in Evocations
  1291 | D        | Noticed a spriggan rider
  1292 | D        | Reached skill level 17 in Stealth
  1297 | D        | Reached skill level 15 in Unarmed Combat
  1310 | D        | Killed a spriggan rider
  1311 | D        | Reached skill level 18 in Stealth
  1581 | D        | Found Xiott's Book Emporium.
  1585 | D        | Found Xerr's Armour Shoppe.
  1629 | D        | Noticed Agnes
  1631 | D        | Found Dishiklo's Distillery.
  1631 | D        | Noticed a spriggan berserker
  1635 | D        | Noticed a death yak
  1635 | D        | Killed Agnes
  1637 | D        | Found Feqag's Assorted Antiques.
  1640 | D        | Annihilated by a death yak
  1641 | D        | Reached XP level 9. HP: -33/67 MP: 10/10
  1641 | D        | Noticed an oklob plant demonologist
  1641 | D        | Noticed a spriggan berserker
  1641 | D        | Noticed an oklob plant annihilator
  1648 | D        | Killed a spriggan berserker
  1649 | D        | Reached skill level 19 in Stealth
  1649 | D        | Reached XP level 10. HP: 4/49 MP: 0/11
  1654 | D        | Killed an oklob plant annihilator
  1657 | D        | Killed an oklob plant demonologist
  2042 | D        | Found Qelumo Ite's General Store.
  2042 | D        | Noticed an oklob plant summoner
  2043 | D        | Found Gufygax's Magic Scroll Shop.
  2047 | D        | Killed an oklob plant summoner
  2071 | D        | Noticed a spriggan defender
  2071 | D        | Noticed a spriggan rider
  2084 | D        | Mangled by a spriggan defender
  2085 | D        | Reached XP level 9. HP: -6/67 MP: 10/10
  2186 | D        | Killed a spriggan berserker
  2188 | D        | Noticed a spriggan rider
  2188 | D        | Shot with an arrow by a spriggan rider

Illustrated notes

Levels and vault maps discovered:
D:        dungeon_sprint_fedhas [sprint_temple]

Skill      XL: |  1  2  3  4  5  6  7  8  9 10 |
---------------+-------------------------------+-----
Dodging        | 5 6 7 8 9 10 11 12 13 | 13.4
Fighting       | 4 5 6 7 8 9 |  9.3
Unarmed Combat | 4 5 6 8 9 10 12 14 17 | 17.2
Stealth        | 1 3 5 8 10 13 19 18 | 19.9
Evocations     | 2 3 5 7 11 10 | 11.8

Action                   |  1- 3 |  4- 6 |  7- 9 | 10-12 || total
-------------------------+-------+-------+-------+-------++-------
Melee: Unarmed           |    14 |    19 |    55 |    40 ||   128
       Bite              |     1 |     1 |     7 |     3 ||    12
       Punch             |       |     2 |     1 |     1 ||     4
Invok: Berserk           |     2 |     2 |     2 |     3 ||     9
       Brothers in Arms  |       |       |       |     3 ||     3
 Abil: Evoke Invisibilit |       |     3 |     5 |     2 ||    10
Evoke: Condenser vane    |       |       |       |     1 ||     1
  Use: Scroll            |       |       |       |     1 ||     1
 Stab: Sleeping          |     1 |     3 |     9 |     2 ||    15
       Invisible         |       |     3 |     1 |     1 ||     5
Armor: Skin              |       |       |       |     1 ||     1
Dodge: Dodged            |     8 |    14 |    16 |    30 ||    68

Table legend: (Time is in decaauts)
 A = Elapsed time spent in this place.
 B = Non-inter-level travel time spent in this place.
 C = Inter-level travel time spent in this place.
 D = Time resting spent in this place.
 E = Time spent auto-exploring this place.
 F = Levels seen in this place.
 G = Mean time per level.
                   A        B        C        D        E       F      G
               +--------+--------+--------+--------+--------+-----+--------+
         Total |   2107 |   2095 |     12 |   1539 |      0 |   1 | 2107.0 |
       Dungeon |   2107 |   2095 |     12 |   1539 |      0 |   1 | 2107.0 |
               +--------+--------+--------+--------+--------+-----+--------+

Top non-repeatable levels by time:
       D: 2107 daAuts
